 Dungeon Crawl Stone Soup version 0.18.1-48-g4cf74bf (webtiles) character file.

58 raph the Slasher (level 3, -5/31 HPs)
             Began as a Minotaur Fighter on July 15, 2016.
             Killed from afar by a Hell Sentinel (34 damage)
             ... with damnation
             ... on level 1 of the Abyss.
             The game lasted 00:02:46 (2071 turns).

raph the Slasher (Minotaur Fighter)                 Turns: 2071, Time: 00:02:46

Health: -5/31      AC: 10    Str: 20      XL:     3   Next: 76%
Magic:  2/2        EV:  7    Int:  5      God:
Gold:   36         SH:  9    Dex:  9 (10) Spells: 0 memorised, 2 levels left

rFire  . . .     SeeInvis .     a - +0 long sword
rCold  . . .     Gourm    .     b - +0 scale mail
rNeg   . . .     Faith    .     c - +0 shield
rPois  .         Spirit   .     (helmet restricted)
rElec  .         Dismiss  .     j - +2 cloak
rCorr  .         Reflect  .     (no gloves)
SustAt .         Harm     .     (no boots)
MR     .....                    (no amulet)
Stlth  ..........               (no ring)
                                (no ring)

@: not resistant to hostile enchantments, extremely unstealthy
A: retaliatory headbutt, horns 2
a: no special abilities


You were on level 1 of the Abyss.
You were hungry.

You visited 1 branch of the dungeon, and saw 2 of its levels.
You visited the Abyss 1 time.

You collected 36 gold pieces.

Inventory:

Hand Weapons
 a - a +0 long sword (weapon)
Armour
 b - a +0 scale mail (worn)
 c - a +0 shield (worn)
 j - a +2 cloak (worn)
Scrolls
 e - a scroll of recharging {unknown}
 h - 2 scrolls of remove curse {unknown}
 i - a scroll of fear {unknown}
 k - 2 scrolls of teleportation {unknown}
 l - a scroll of fog {unknown}
 s - 2 scrolls of identify {unknown}
Potions
 d - 3 potions of might
 n - a potion of curing {unknown}
 p - a potion of agility {unknown}
 t - a potion of degeneration {unknown}
Books
 o - a book of Maledictions

   Spells                             Type                      Level
   a - Corona                         Hexes                        1
   b - Ensorcelled Hibernation        Hexes/Ice                    2
   c - Confuse                        Hexes                        3
   d - Tukima's Dance                 Hexes                        3
   e - Dazzling Spray                 Conjuration/Hexes            3
Comestibles
 f - 2 bread rations
 g - a beef jerky
 m - a meat ration
 q - 4 fruits
 r - 3 chunks of flesh


   Skills:
 - Level 3.6 Fighting
 * Level 5.0 Long Blades
 - Level 3.6 Armour
 - Level 3.6 Shields


You had 2 spell levels left.
You didn't know any spells.

Dungeon Overview and Level Annotations

Branches:
Dungeon (2/15)

Altars:


Innate Abilities, Weirdness & Mutations

You reflexively headbutt those who attack you in melee.
You have a pair of horns on your head.


Message History

The quasit barely misses you.
The quasit claws you but does no damage.
You see here a scroll labeled ZYOFRAAT SOOT.
s - 2 scrolls labeled ZYOFRAAT SOOT (gained 1)
You block the quasit's attack. The quasit claws you.
You feel clumsy.
The quasit claws you but does no damage.
A small abomination comes into view.
The quasit bites you but does no damage.
The quasit closely misses you.
The quasit claws you but does no damage.
A Hell Sentinel comes into view.
The Hell Sentinel roars!
You block the quasit's attack.
The quasit claws you but does no damage.
The quasit claws you. The Hell Sentinel gestures at you.
The damnation unfurls!
The damnation engulfs you!
Ouch! That really hurt!
You die...

## # .. # ### #...
##.....# #.# #..
##. #...##...
#..##... ..#.....
#.#. .###..1....
####. ##.........
##...#.#....#..#
..##.##...x.....#.
#......#.#.#5@.#
.. #....###.....#
#......#...#....
##### ####.##.....
x# .#. ...#... . #
?. ...### .# .#
.#. ...# . . ## ##
##


You could see a Hell Sentinel, a small abomination and a quasit.

Vanquished Creatures
  2 gnolls (D:2)
  A worm (D:2)
  A dart slug (D:1)
  A giant gecko (D:2)
  2 giant cockroaches
  5 goblins
  3 hobgoblins
  3 kobolds (D:1)
  A quokka (D:2)
  8 bats
  3 giant newts (D:1)
  5 rats
35 creatures vanquished.

Notes
Turn   | Place    | Note
--------------------------------------------------------------
     0 | D:1      | raph the Minotaur Fighter began the quest for the Orb.
     0 | D:1      | Reached XP level 1. HP: 19/19 MP: 0/0
    81 | D:1      | Reached skill level 3 in Long Blades
   229 | D:1      | Reached XP level 2. HP: 26/26 MP: 1/1
   653 | D:1      | Reached skill level 4 in Long Blades
   955 | D:2      | Reached XP level 3. HP: 29/31 MP: 2/2
  2017 | D:2      | Reached skill level 5 in Long Blades
  2021 | D:2      | Cast into level 1 of the Abyss (gnoll)
  2065 | Abyss:1  | Noticed a small abomination
  2069 | Abyss:1  | Noticed a Hell Sentinel
  2071 | Abyss:1  | Killed from afar by a Hell Sentinel

Skill      XL: |  1  2  3 |
---------------+----------+-----
Long Blades    | 3 4 5 |  5.0
Fighting       | |  3.6
Armour         | |  3.6
Shields        | |  3.6

Action                   || total
-------------------------++-------
Melee: Long sword        ||    85
       Headbutt          ||     9
  Eat: Chunk             ||     3
Armor: Scale mail        ||    43
Dodge: Dodged            ||    33
Block: Shield            ||    53
